 Dungeon Crawl Stone Soup version 0.28-a0-247-gb8bfbab023 (webtiles) character file.

Game seed: 17256874753100854111

1562 robertstho the Cleaver (level 8, -6/74 HPs)
             Began as a Minotaur Berserker on Aug 25, 2021.
             Was a Priest of Trog.
             Mangled by an orc wizard (16 damage)
             ... on level 6 of the Dungeon.
             The game lasted 00:05:49 (5419 turns).

robertstho the Cleaver (Minotaur Berserker)         Turns: 5419, Time: 00:05:50

Health: -6/74      AC: 14    Str: 25    XL:     8   Next: 58%
Magic:  7/7        EV:  9    Int:  4    God:    Trog [***...]
Gold:   230        SH:  0    Dex:  9    Spells: 7/7 levels left

rFire   + . .      SeeInvis .   i - +2 war axe (freeze)
rCold   . . .      Faith    .   (no shield)
rNeg    . . .      Spirit   .   q - +0 chain mail
rPois   .          Reflect  .   (helmet restricted)
rElec   .          Harm     .   (no cloak)
rCorr   .          Rampage  .   j - +2 pair of gloves
Will    .....                   (no boots)
Stlth   ..........              (no amulet)
HPRegen 0.22/turn               h - ring of protection from fire
MPRegen 0.10/turn               (no ring)

@: on berserk cooldown, slowed, very slow
A: horns 2, retaliatory headbutt
a: Renounce Religion, Berserk, Trog's Hand


You were on level 6 of the Dungeon.
You worshipped Trog.
Trog was most pleased with you.
You visited 1 branch of the dungeon, and saw 6 of its levels.

You collected 230 gold pieces.

Inventory:

Hand Weapons
 i - a +2 war axe of freezing (weapon)
Armour
 j - a +2 pair of gloves (worn)
 q - a +0 chain mail (worn)
Jewellery
 h - a ring of protection from fire (left hand)
Wands
 o - a wand of polymorph (5)
Scrolls
 a - 2 scrolls of identify
 b - a scroll of holy word
 c - 2 scrolls of vulnerability {unknown}
 d - 2 scrolls of acquirement {unknown}
 g - a scroll of teleportation
 l - a scroll of magic mapping {unknown}
 n - a scroll of immolation
Potions
 e - 2 potions of resistance
 f - a potion of mutation
 k - a potion of curing {unknown}
 m - 2 potions of heal wounds
 p - 2 potions of magic {unknown}
 r - a potion of might {unknown}
 s - a potion of ambrosia {unknown}


   Skills:
 * Level 7.7 Fighting
 + Level 8.3 Axes
 * Level 7.4 Armour
 + Level 3.9 Dodging
 + Level 0.6 Stealth


You had 7 spell levels left.
You didn't know any spells.
Your spell library was empty.

Dungeon Overview and Level Annotations

Branches:
Dungeon (6/15)
 Temple: D:4-7

Altars:
Uskayaw

Shops:
D:3 :   D:4 (


Innate Abilities, Weirdness & Mutations

You have a pair of horns on your head.
You reflexively headbutt those who attack you in melee.


Message History

No target in view!
Unknown command.
No target in view!
Unknown command.
No target in view!
Unknown command.
No target in view!
Unknown command.
Something hits you but does no damage.
Items here: ))) [ †††.
You feel a strong urge to attack something.
You are no longer berserk.
You are exhausted.
You feel yourself slow down.
Things that are here:
a +0 flail; a +0 robe; a hound corpse Something hits you.
You are electrocuted!
Things that are here:
a +0 spear; a +0 robe
Found 22 arrows.
Something hits you but does no damage.
Things that are here:
a +2 flail; a +0 robe Something hits you but does no damage.
You are electrocuted!
Something hits you but does no damage.
Things that are here:
a +0 whip; a +0 scale mail You slash something!
You freeze something. Your headbutt misses something.
Something hits you but does no damage.
You are electrocuted!
* * * LOW HITPOINT WARNING * * *
You closely miss something.
You hear some strange, mumbled words.
A magic dart appears from out of thin air!
The magic dart hits you!
* * * LOW HITPOINT WARNING * * *
Something hits you but does no damage.
You barely miss something. Something hits you but does no damage.
Something hits you.
* * * LOW HITPOINT WARNING * * *
You are electrocuted!
You die...

...... ##.#..# #
##.....# .##
##......###....
............ .
......#.# .#
#.....##.#
..####.)).....###
.#.....{@........
.......)...#...##
.........<.# ..#
......###### (
...... ......
...... ..... ....


There were no monsters in sight!

Vanquished Creatures
  Grinder (D:5)
  Eustachio (D:5)
  A water moccasin (D:6)
  A black bear (D:4)
  2 ogres (D:5)
  A centaur (D:4)
  A phantom (D:6)
  A scorpion (D:5)
  3 wights (D:6)
  4 hounds
  An orc priest (D:3)
  A bullfrog skeleton (D:5)
  Ijyb (D:5)
  An iguana (D:4)
  12 gnolls
  A howler monkey skeleton (D:5)
  7 adders
  A white imp (D:4)
  An adder skeleton (D:4)
  3 worms
  2 dart slugs
  8 orcs
  8 ball pythons
  11 endoplasms
  4 giant cockroaches
  12 goblins
  9 hobgoblins
  3 jackals (D:2)
  3 quokkas
  5 bats
  4 frilled lizards
  5 rats
119 creatures vanquished.

Vanquished Creatures (others)
  An orc wizard (D:6)
  An iguana (D:6)
  4 fungi (D:1)
  4 plants (D:1)
10 creatures vanquished.

Grand Total: 129 creatures vanquished

Notes
Turn   | Place    | Note
-------+----------+-------------------------------------------
     0 | D:1      | robertstho the Minotaur Berserker began the quest for the
                  | Orb.
     0 | D:1      | Reached XP level 1. HP: 19/19 MP: 0/0
    93 | D:1      | Found a faded altar of an unknown god.
   343 | D:1      | Reached XP level 2. HP: 27/27 MP: 1/1
  1054 | D:2      | Reached XP level 3. HP: 9/34 MP: 2/2
  1054 | D:2      | HP: 2/51 [gnoll (7)]
  1391 | D:2      | Reached skill level 4 in Axes
  1407 | D:2      | Reached skill level 5 in Fighting
  1726 | D:2      | Reached ** piety under Trog
  1732 | D:2      | Reached XP level 4. HP: 42/42 MP: 3/3
  2334 | D:3      | Found Rigezucy's Book Shop.
  2367 | D:3      | Reached XP level 5. HP: 48/48 MP: 4/4
  3116 | D:3      | Reached *** piety under Trog
  3419 | D:4      | Noticed a +0 dagger
  3419 | D:4      | Noticed a +0 dagger
  3426 | D:4      | Found a hide-covered altar of Uskayaw.
  3454 | D:4      | Noticed a centaur
  3460 | D:4      | Killed a centaur
  3461 | D:4      | Reached skill level 5 in Armour
  3461 | D:4      | Reached XP level 6. HP: 33/56 MP: 5/5
  3600 | D:4      | Reached skill level 5 in Axes
  4107 | D:4      | Found Jirchopup's Weapon Boutique.
  4401 | D:5      | Entered Level 5 of the Dungeon
  4421 | D:5      | Reached XP level 7. HP: 62/62 MP: 6/6
  4422 | D:5      | Noticed Grinder
  4437 | D:5      | Killed Grinder
  4438 | D:5      | Reached skill level 6 in Axes
  4746 | D:5      | Noticed Eustachio
  4767 | D:5      | Killed Eustachio
  4819 | D:5      | Noticed Ijyb
  4824 | D:5      | Reached XP level 8. HP: 71/71 MP: 7/7
  4830 | D:5      | Killed Ijyb
  4947 | D:5      | Reached skill level 7 in Axes
  5408 | D:6      | Reached skill level 8 in Axes
  5419 | D:6      | Mangled by an orc wizard

Illustrated notes

Levels and vault maps discovered:
D:1:      matt_arrival_refuge, layout_basic, dreamdust_ecumenical_altar_grove,
          minmay_distorted
D:2:      minmay_chambers_of_twos, layout_rooms, minmay_door_square
D:3:      layout_loops_cross, serial_shops, shop, chequers_serial_rivers_micro_d
D:4:      layout_cave_pods, dancing_weapons_uskayaw, serial_shops,
          nicolae_stop_n_shop_2, hangedman_decor_riveting
D:5:      layout_basic, uniq_ijyb, uniq_eustachio, uniq_grinder
D:6:      layout_rooms, vehumet_crystals, xom_confusion_cloud,
          minmay_temple_entry_junction, enter_ossuary_3

Skill      XL: |  1  2  3  4  5  6  7  8 |
---------------+-------------------------+-----
Fighting       | 4 5 6 7 |  7.7
Axes           | 4 5 6 8 |  8.3
Armour         | 3 4 5 6 7 |  7.4
Dodging        | 3 |  3.9
Stealth        | |  0.6

Action                   |  1- 3 |  4- 6 |  7- 9 || total
-------------------------+-------+-------+-------++-------
Melee: Hand axe          |    76 |    58 |       ||   134
       Headbutt          |    13 |    15 |     9 ||    37
       War axe           |       |    80 |    68 ||   148
Invok: Berserk           |     2 |     1 |     4 ||     7
  Use: Scroll            |       |     5 |     2 ||     7
Armor: Animal skin       |     3 |       |       ||     3
       Ring mail         |    16 |    75 |     1 ||    92
       Chain mail        |       |       |    37 ||    37
Dodge: Dodged            |    45 |    77 |    31 ||   153

Table legend: (Time is in decaauts)
 A = Elapsed time spent in this place.
 B = Non-inter-level travel time spent in this place.
 C = Inter-level travel time spent in this place.
 D = Time resting spent in this place.
 E = Time spent auto-exploring this place.
 F = Levels seen in this place.
 G = Mean time per level.
                   A        B        C        D        E       F      G
               +--------+--------+--------+--------+--------+-----+--------+
         Total |   5508 |   5309 |    199 |    689 |   3817 |   6 |  918.0 |
       Dungeon |   5508 |   5309 |    199 |    689 |   3817 |   6 |  918.0 |
               +--------+--------+--------+--------+--------+-----+--------+

Top non-repeatable levels by time:
     D:1: 1357 daAuts
     D:4: 1278 daAuts
     D:3: 1015 daAuts
     D:2: 1003 daAuts
     D:5: 829 daAuts
     D:6: 24 daAuts
